 Dungeon Crawl Stone Soup version 0.31.0-11-ge490571c62 (webtiles) character file.

Game seed: 6890927402726071073

6 SmokeWeed the Sneak (level 1, 0/11 HPs)
             Began as an Octopode Enchanter on Feb 3, 2024.
             Slain by an endoplasm (2 damage)
             ... on level 1 of the Dungeon.
             The game lasted 00:00:31 (141 turns).

SmokeWeed the Sneak (Octopode Enchanter)             Turns: 141, Time: 00:00:32

Health: 0/11       AC:  1    Str:  7    XL:     1   Next: 90%
Magic:  3/3        EV:  5    Int: 17    God:
Gold:   16         SH: 10    Dex: 12    Spells: 4/4 levels left

rFire   . . .        g - +0 rapier
rCold   . . .        d - +0 tower shield
rNeg    . . .        (helmet restricted)
rPois   .            (no amulet)
rElec   .            (no ring)
rCorr   .            (no ring)
SInv    .            (no ring)
Will    .....        (no ring)
Stlth   +++          (no ring)
HPRegen 0.21/turn    (no ring)
MPRegen 0.08/turn    (no ring)
                     (no ring)

%: no passive effects
@: no status effects
A: almost no armour, amphibious, 8 rings, camouflage 1, gelatinous body 1,
(nimble swimmer 1), tentacles
a: no special abilities


You were on level 1 of the Dungeon.
You visited 1 branch of the dungeon, and saw 1 of its levels.

You collected 16 gold pieces.

Inventory:

Hand Weapons
 a - a +1 dagger
 g - a +0 rapier (weapon)
Missiles
 f - 3 boomerangs (quivered)
Armour
 d - a +0 tower shield (worn)
Scrolls
 c - a scroll of noise {unknown}
 e - a scroll of immolation {unknown}
 h - a scroll of identify {unknown}
Potions
 b - 2 potions of invisibility


   Skills:
 + Level 1.0 Short Blades
 + Level 2.0 Dodging
 + Level 4.1 Stealth
 + Level 2.2 Spellcasting
 + Level 3.1 Hexes


You had 4 spell levels left.
You didn't know any spells.
Your spell library contained the following spells:

 Spells                   Type           Power      Damage    Failure   Level
 Ensorcelled Hibernation  Hex/Ice        14%        N/A       100%        2
 Confusing Touch          Hex            12%        N/A       100%        3
 Dazzling Flash           Conj/Hex       14%        N/A       100%        3
 Tukima's Dance           Hex            12%        N/A       100%        3


Dungeon Overview and Level Annotations

Branches:
Dungeon (1/15)

Altars:


Innate Abilities, Weirdness & Mutations

You cannot wear most types of armour.
You are amphibious.
You can wear up to eight rings at the same time.
Your skin changes colour to match your surroundings (Stealth+).
Your rubbery body absorbs attacks. (AC +1, EV +1)
((You are camouflaged when in or above water. (Stealth+)))
You have tentacles for arms and can constrict up to eight enemies at once.


Message History

Things that are here:
a +0 dagger; a stone; a kobold corpse You see here a +0 rapier.
g - a +0 rapier
g - a +0 rapier (weapon)
h - a scroll labelled JOCOSI ESUIKI A dart slug comes into view.
There is a stone staircase leading down here.
The helpless dart slug fails to defend itself.
You puncture the dart slug!
You kill the dart slug!
No target in view!
An endoplasm comes into view.
An endoplasm is nearby!
The endoplasm quivers.
You completely miss the endoplasm. The endoplasm freezes you.
You are frozen.
You hit the endoplasm.
You squeeze the endoplasm, but do no damage.
The endoplasm is lightly wounded.
You block the endoplasm's attack. The endoplasm freezes you.
You are frozen.
You are too injured to fight recklessly!
You are too injured to fight recklessly!
You are too injured to fight recklessly!
You are too injured to fight recklessly!
You are too injured to fight recklessly!
You are too injured to fight recklessly!
You are too injured to fight recklessly!
You hit the endoplasm.
The endoplasm is moderately wounded.
The endoplasm hits you.
* * * LOW HITPOINT WARNING * * *
The endoplasm hits you but does no damage.
You hit the endoplasm.
The endoplasm is heavily wounded.
The endoplasm hits you.
You die...

#.#
###########
#.# #.# #.#
#.# #.# #.#
#.# #@# #J#
#.# #.# ...
#.# ###


You could see an endoplasm.

Vanquished Creatures
  A dart slug (D:1)
  A bat (D:1)
  An endoplasm (D:1)
  A kobold (D:1)
4 creatures vanquished.

Notes
Turn   | Place    | Note
-------+----------+-------------------------------------------
     0 | D:1      | SmokeWeed the Octopode Enchanter began the quest for the
                  | Orb.
     0 | D:1      | Reached XP level 1. HP: 11/11 MP: 3/3
   141 | D:1      | Slain by an endoplasm

Illustrated notes

Levels and vault maps discovered:
D:1:      dpeg_arrival_refuge, layout_basic, basic_ecumenical_altar,
          minmay_misc_feat_enclosed

Action                     || total
---------------------------++-------
  Melee: Dagger            ||     5
         Rapier            ||     5
         Tentacles         ||     2
   Stab: Sleeping          ||     3
 Armour: Skin              ||     4
  Dodge: Dodged            ||     3
  Block: Tower shield      ||     2
